 Dungeon Crawl Stone Soup version 0.18-a0-1562-gac8da35 (webtiles) character file.

1073 mopl the Sneak (level 8, -1/57 HPs)
             Began as a Demonspawn Assassin on Mar 13, 2016.
             Was a Follower of Makhleb.
             Slain by a centaur (5 damage)
             ... on level 6 of the Dungeon.
             The game lasted 00:10:49 (4463 turns).

mopl the Sneak (Demonspawn Assassin)                Turns: 4463, Time: 00:10:51

Health: -1/57      AC:  7    Str: 11    XL:     8   Next: 7%
Magic:  10/10      EV: 13    Int: 13    God:    Makhleb [*.....]
Gold:   212        SH:  0    Dex: 19    Spells: 0 memorised, 7 levels left

rFire  . . .     SeeInvis .     a - +2 dagger (venom)
rCold  . . .     Gourm    .     c - +0 robe
rNeg   . . .     Faith    .     (no shield)
rPois  .         Spirit   .     q - +1 helmet
rElec  .         Dismiss  .     d - +0 cloak
rCorr  .         Reflect  .     (no gloves)
SustAt .         Harm     .     v - +1 pair of boots
MR     +....                    (no amulet)
Stlth  ++++......               (no ring)
                                w - ring of protection from magic

@: somewhat resistant to hostile enchantments, stealthy
A: thin skeletal structure 1, foul stench 1, powered by death 1, rot immunity
a: Renounce Religion


You were on level 6 of the Dungeon.
You worshipped Makhleb.
Makhleb was aware of your devotion.
You were not hungry.

You visited 1 branch of the dungeon, and saw 6 of its levels.

You collected 212 gold pieces.

Inventory:

Hand Weapons
 a - a +2 dagger of venom (weapon)
 b - a +0 blowgun
 m - a +0 dagger of pain
 o - a +2 dagger
 s - a +0 long sword
 J - a +0 long sword of slicing
 M - a +0 rapier
Missiles
 e - 25 poisoned needles
 f - 2 curare-tipped needles
 i - 3 needles of paralysis
 B - 5 tomahawks (quivered)
Armour
 c - a +0 robe (worn)
 d - a +0 cloak (worn)
 n - a +0 buckler
 p - a +2 shield
 q - a +1 helmet (worn)
 v - a +1 pair of boots (worn)
Jewellery
 w - a ring of protection from magic (left hand)
Wands
 G - a wand of paralysis (0/24)
 K - a wand of lightning (0/15)
Scrolls
 j - 4 scrolls of teleportation
 k - a scroll of remove curse
 t - a scroll of fear {unknown}
 u - a scroll of immolation {unknown}
 A - a scroll of enchant armour {unknown}
 C - 2 scrolls of fog {unknown}
 D - a scroll of enchant weapon {unknown}
 N - a scroll of magic mapping {unknown}
 O - a scroll of blinking {unknown}
Potions
 h - a potion of might
 l - 2 potions of curing
 r - a potion of degeneration
 z - a potion of cure mutation {!q}
 E - a potion of lignification {unknown}
 F - a potion of magic {unknown}
 H - a potion of cancellation {unknown}
 I - a potion of heal wounds {unknown}
 P - a potion of ambrosia {unknown}
Comestibles
 g - 6 bread rations
 x - 3 meat rations
 L - 2 chunks of flesh


   Skills:
 - Level 2.8 Fighting
 + Level 4.0 Short Blades
 + Level 4.3 Throwing
 - Level 2.0 Dodging
 * Level 7.0 Stealth
 + Level 3.4 Invocations


You had 7 spell levels left.
You didn't know any spells.

Dungeon Overview and Level Annotations

Branches:
Dungeon (6/15)
 Temple: D:4-7

Altars:
Gozag
Makhleb
Pakellas
Vehumet
Zin
The Shining One

Shops:
D:5 %

Annotations:
D:5 cireshan's ghost, amateur TrMo


Innate Abilities, Weirdness & Mutations

You have a somewhat thin skeletal structure (Dex +2, Stealth).
You may emit foul miasma when damaged in melee.
You regenerate a little health from kills.
You are immune to rotting.


Message History

The iguana resists with significant effort.
Evoking this partially-identified wand wasted a few charges.
The centaur misses you.
The iguana bites you but does no damage.
Unknown command.
Evoke which item? (* to show all) (? for menu, Esc to quit)
Zapping:
G - a wand of paralysis {zapped: 7} (will waste charges)
Press: ? - help, Shift-Dir - straight line, f/p - iguana
Aim: an iguana (sick, chance to defeat MR: 54%)
The iguana suddenly stops moving!
Evoking this partially-identified wand wasted a few charges.
The centaur hits you but does no damage.
The centaur closely misses you.
The helpless iguana fails to defend itself.
You perforate the iguana like a sieve!!!
You kill the iguana!
Makhleb accepts your kill.
Your Stealth skill increases to level 7!
The centaur hits you.
You die...

####.....#####.####..# #.......
#<....'......'....##+##.......
#.....#......#....##..#######.
#.....##############........#.
#............# #.......b#.
#.(....(.....# +........'.
#......((....# #....##..#.
###..........(.#########'###..#.
#....######'##.@c....#.....#..#.
#....#...'...#.......(....#####.
#....#...#...#.......#....#.....
#....#...#...+.......######.....
##....#..######..................
......#####..###+#####...........
......#...+..# #...#...........
......#...#..# #...............
....#.##.#...# ####.##..........


You could see a centaur.

Vanquished Creatures
  Eustachio (D:6)
  2 ogres
  A centaur (D:6)
  2 giant frogs
  A jelly (D:6)
  4 orc priests
  A hound (D:5)
  2 orc wizards
  An iguana (D:6)
  3 worker ants
  A hound skeleton (D:5)
  Robin (D:2)
  A howler monkey skeleton (D:4)
  3 adders
  A gnoll (D:1)
  A shadow imp (D:6)
  2 oozes
  3 worms
  2 dart slugs
  2 giant geckos
  15 orcs
  5 bats
  4 giant cockroaches
  13 goblins
  7 hobgoblins
  5 quokkas
  4 ball pythons
  A giant cockroach zombie (D:5)
  2 giant gecko skeletons (D:4)
  5 giant newts
  16 kobolds
  6 rats
118 creatures vanquished.

Notes
Turn   | Place    | Note
--------------------------------------------------------------
     0 | D:1      | mopl the Demonspawn Assassin began the quest for the Orb.
     0 | D:1      | Reached XP level 1. HP: 16/16 MP: 1/1
   123 | D:1      | Reached skill level 2 in Throwing
   123 | D:1      | Reached skill level 1 in Dodging
   418 | D:1      | Gained mutation: You have a somewhat thin skeletal structure (Dex +2, Stealth). [demonic ancestry]
   418 | D:1      | Reached XP level 2. HP: 23/23 MP: 2/2
   963 | D:1      | Gained mutation: You regenerate a little health from kills. [demonic ancestry]
   963 | D:1      | Reached XP level 3. HP: 26/28 MP: 3/3
  1241 | D:2      | Found a radiant altar of Vehumet.
  1253 | D:2      | Noticed Robin
  1317 | D:2      | Killed Robin
  1375 | D:2      | Reached skill level 2 in Dodging
  1419 | D:2      | Gained mutation: You are immune to rotting. [demonic ancestry]
  1419 | D:2      | Reached XP level 4. HP: 34/34 MP: 4/4
  1548 | D:2      | Reached skill level 4 in Stealth
  2062 | D:3      | Reached skill level 2 in Short Blades
  2223 | D:3      | Found an oddly glowing altar of Pakellas.
  2273 | D:3      | Reached XP level 5. HP: 40/40 MP: 5/5
  2380 | D:3      | Found a glowing silver altar of Zin.
  2749 | D:4      | Reached skill level 3 in Throwing
  2953 | D:4      | Reached skill level 5 in Stealth
  2959 | D:4      | Reached XP level 6. HP: 46/46 MP: 6/6
  3100 | D:4      | Reached skill level 3 in Short Blades
  3341 | D:4      | Found a burning altar of Makhleb.
  3352 | D:4      | Became a worshipper of Makhleb the Destroyer
  3436 | D:5      | Entered Level 5 of the Dungeon
  3496 | D:5      | Found an opulent altar of Gozag.
  3573 | D:5      | Reached skill level 1 in Invocations
  3632 | D:5      | Noticed cireshan's ghost (amateur TrMo)
  3686 | D:5      | Found Petify's Food Shoppe.
  3687 | D:5      | Noticed Eustachio
  3843 | D:5      | Reached skill level 6 in Stealth
  3843 | D:5      | Reached XP level 7. HP: 51/51 MP: 6/8
  3929 | D:5      | Found a glowing golden altar of the Shining One.
  4044 | D:5      | Reached skill level 2 in Invocations
  4168 | D:6      | Reached skill level 4 in Throwing
  4180 | D:6      | Killed Eustachio
  4286 | D:6      | Reached skill level 3 in Invocations
  4290 | D:6      | Reached * piety under Makhleb
  4290 | D:6      | Gained mutation: You may emit foul miasma when damaged in melee. [demonic ancestry]
  4290 | D:6      | Reached XP level 8. HP: 29/57 MP: 10/10
  4378 | D:6      | Reached skill level 4 in Short Blades
  4463 | D:6      | Reached skill level 7 in Stealth
  4463 | D:6      | Slain by a centaur

Vault maps used:
D:1:      nicolae_arrival_washed_ashore
D:2:      old_standard_altar, uniq_robin
D:3:      lemuel_round_altar, grunt_pakellas_basics
D:4:      lemuel_coloured_pillars_altar, first_bread, corexii_shack
D:5:      grunt_gozag_breadcrumbs, serial_shops, shop,
          nicolae_tso_swordbearing_angel, uniq_eustachio
D:6:      nicolae_overflow_hidden_temple, minmay_temple_entry_metal_lava,
          st_stairs_7

Skill      XL: |  1  2  3  4  5  6  7  8 |
---------------+-------------------------+-----
Throwing       | 2 3 4 |  4.3
Dodging        | 1 2 |  2.0
Stealth        | 4 5 6 7 |  7.0
Short Blades   | 2 3 4 |  4.0
Invocations    | 1 3 |  3.4
Fighting       | |  2.8

Action                   |  1- 3 |  4- 6 |  7- 9 || total
-------------------------+-------+-------+-------++-------
Melee: Dagger            |   102 |   207 |    60 ||   369
 Fire: Blowgun           |     4 |    14 |       ||    18
Evoke: Wand              |       |       |     5 ||     5
  Use: Scroll            |       |     5 |     1 ||     6
 Stab: Sleeping          |     4 |    14 |     1 ||    19
       Paralysed         |       |       |     2 ||     2
       Distracted        |       |       |     1 ||     1
  Eat: Chunk             |     2 |     7 |     2 ||    11
